 Dungeon Crawl Stone Soup version 0.24-a0-115-gd155597332 (webtiles) character file.

Game seed: 0

482024 Morbidden the Peltast (level 24, -12/136 HPs)
             Began as a Vine Stalker Fighter on Feb 16, 2019.
             Was the Champion of Okawaru.
             Mangled by a deep troll shaman (17 damage)
             ... while paralysed by a floating eye
             ... on level 2 of the Depths on Feb 17, 2019.
             The game lasted 02:19:26 (41466 turns).

Morbidden the Peltast (Vine Stalker Fighter)       Turns: 41466, Time: 02:19:26

Health: -12/136    AC: 31    Str: 30    XL:     24   Next: 88%
Magic:  0/42       EV:  2    Int: 10    God:    Okawaru [******]
Gold:   1033       SH:  0    Dex: 21    Spells: 52/52 levels left

rFire    + + .     SeeInvis .   a - +2 Maxwell's thermic engine {flame, freeze}
rCold    + + +     Gourm    .   r - +2 large shield
rNeg     + . .     Faith    .   X - +10 plate armour "Juuqoigy" {+Fly Str+3 Slay+3}
rPois    +         Spirit   +   N - -2 hat of the Alchemist {rElec rPois rF+ rC+ rN+ MR+ rMut rCorr}
rElec    +         Reflect  .   z - +1 cloak of Starlight {rElec rC+ EV+4 Stlth--}
rCorr    +         Harm     .   W - +2 pair of gloves {archery}
rMut     +                      L - +2 pair of boots of Nydwa {Slay+3}
MR       ++++.                  Z - amulet of regeneration
Stlth    ..........             M - +2 ring of evasion
HPRegen  1.52/turn              T - ring "Lese" {rF+ rC+ Str+3 Int+2}
MPRegen  0.28/turn

@: paralysed
A: fangs 3, regeneration 2, magic shield, antimagic bite, no potion heal 3, rot
immunity
}: 2/15 runes: barnacled, gossamer
a: Heroism, Finesse, Renounce Religion, Evoke Flight


You were on level 2 of the Depths.
You worshipped Okawaru.
Okawaru was exalted by your worship.
You were not hungry.

You visited 8 branches of the dungeon, and saw 40 of its levels.
You visited 1 bazaar.
You also visited: Gauntlet, Ice Cave, Wizlab and Desolation.

You collected 5302 gold pieces.
You spent 4269 gold pieces at shops.

Inventory:

Hand Weapons
 a - the +2 Maxwell's thermic engine (weapon) {flame, freeze}
   (You found it on level 4 of the Dungeon)

   It has been specially enchanted to burn those struck by it, causing extra
   injury to most foes and up to half again as much damage against particularly
   susceptible opponents.
   Big, fiery blades are also staple armaments of hydra-hunters.
 n - the +12 glaive of Prune {chop}
   (You found it in the Desolation of Salt)

   It inflicts extra damage upon your enemies.
Missiles
 b - 31 silver javelins
 i - 14 poisoned javelins
 E - 15 steel javelins
 S - 70 javelins (quivered)
Armour
 r - a +2 large shield (worn)
 z - the +1 cloak of Starlight (worn) {rElec rC+ EV+4 Stlth--}
   (You found it in a wizard's laboratory)

   It affects your evasion (+4).
   It protects you from cold.
   It insulates you from electricity.
   It makes you much less stealthy.
 L - the +2 pair of boots of Nydwa (worn) {Slay+3}
   (You found it in a Gauntlet)

   It affects your accuracy and damage with ranged weapons and melee attacks
   (+3).
 N - the -2 hat of the Alchemist (worn) {rElec rPois rF+ rC+ rN+ MR+ rMut rCorr}
   (You bought it in a shop on level 11 of the Dungeon)

   It protects you from fire.
   It protects you from cold.
   It insulates you from electricity.
   It protects you from poison.
   It protects you from negative energy.
   It affects your resistance to hostile enchantments.
   It provides partial protection from all sources of acid and corrosion.
   It protects you from mutation.
 W - a +2 pair of gloves of archery (worn)
 X - the +10 plate armour "Juuqoigy" (worn) {+Fly Str+3 Slay+3}
   (You bought it in a shop in a bazaar)

   It affects your strength (+3).
   It affects your accuracy and damage with ranged weapons and melee attacks
   (+3).
   It lets you fly.
Jewellery
 M - a +2 ring of evasion (left hand)
 T - the ring "Lese" (right hand) {rF+ rC+ Str+3 Int+2}
   (You bought it in a shop on level 7 of the Dungeon)

   [ring of protection from cold]

   It affects your strength (+3).
   It affects your intelligence (+2).
   It protects you from fire.
   It protects you from cold.
 Z - an amulet of regeneration (around neck)
Wands
 o - a wand of flame (13)
 q - a wand of iceblast (24)
 s - a wand of clouds (10)
 u - a wand of disintegration (6)
 G - a wand of acid (49)
 J - a wand of digging (2)
Scrolls
 c - 17 scrolls of teleportation
 e - 14 scrolls of remove curse
 g - 11 scrolls of amnesia
 h - 2 scrolls of summoning
 k - 5 scrolls of fog
 p - 4 scrolls of magic mapping
 v - 2 scrolls of fear
 y - 9 scrolls of identify
 B - 8 scrolls of enchant armour
 I - 8 scrolls of enchant weapon
 R - 3 scrolls of holy word
 U - a scroll of acquirement
Potions
 d - 6 potions of might
 j - 2 potions of cancellation
 l - 3 potions of magic
 m - a potion of resistance
 t - 10 potions of flight
 w - 13 potions of curing
 x - 5 potions of brilliance
 A - 2 potions of mutation
 H - 3 potions of agility
 K - 4 potions of haste
 V - 4 potions of berserk rage
Miscellaneous
 C - 3 boxes of beasts
 D - a phial of floods
 F - a sack of spiders
 O - a fan of gales
 P - a lamp of fire (inert)
 Q - 4 phantom mirrors
Comestibles
 f - 51 rations
 Y - 3 chunks of flesh


   Skills:
 * Level 17.0 Fighting
 - Level 16.5 Long Blades
   Level 4.7 Axes
 * Level 3.6 Throwing
 + Level 9.7 Armour
 * Level 11.2 Dodging
 - Level 2.1 Stealth
 * Level 20.9 Shields
 * Level 14.5 Spellcasting
 - Level 8.0 Invocations
 + Level 1.5 Evocations


You had 52 spell levels left.
You didn't know any spells.
Your spell library contained the following spells:

 Spells                   Type           Power        Failure   Level  Hunger
 Animate Skeleton         Necr           N/A          71%         1    None
 Beastly Appendage        Tmut           #.....       71%         1    None
 Confusing Touch          Hex            #.....       71%         1    None
 Magic Dart               Conj           #...         71%         1    None
 Pain                     Necr           #...         71%         1    None
 Sandblast                Erth           #.....       71%         1    None
 Shock                    Conj/Air       #...         71%         1    None
 Summon Butterflies       Summ           #.......     71%         1    None
 Summon Small Mammal      Summ           #...         71%         1    None
 Call Imp                 Summ           #.......     85%         2    None
 Corpse Rot               Necr           N/A          85%         2    None
 Ensorcelled Hibernation  Hex/Ice        #.....       85%         2    None
 Passwall                 Tmut/Erth      #.......     85%         2    None
 Searing Ray              Conj           #.....       85%         2    None
 Shroud of Golubria       Chrm/Tloc      #.........   85%         2    None
 Sticks to Snakes         Tmut           #.......     85%         2    None
 Swiftness                Chrm/Air       #.......     85%         2    None
 Call Canine Familiar     Summ           #.......     97%         3    #......
 Confuse                  Hex            #.......     97%         3    #......
 Dazzling Spray           Conj/Hex       #.....       97%         3    #......
 Gell's Gravitas          Tloc           #.........   97%         3    #......
 Ignite Poison            Fire/Tmut/Pois #.......     97%         3    #......
 Ozocubu's Armour         Chrm/Ice       #.......     97%         3    #......
 Portal Projectile        Hex/Tloc       #.....       97%         3    #......
 Regeneration             Chrm/Necr      #.........   97%         3    #......
 Spider Form              Tmut/Pois      #.........   97%         3    #......
 Static Discharge         Conj/Air       #.......     97%         3    #......
 Stone Arrow              Conj/Erth      #.....       97%         3    #......
 Summon Guardian Golem    Hex/Summ       #.......     97%         3    #......
 Teleport Other           Tloc           #.......     97%         3    #......
 Vampiric Draining        Necr           #.........   97%         3    #......
 Airstrike                Air            #.........   100%        4    ###....
 Animate Dead             Necr           N/A          100%        4    ###....
 Cause Fear               Hex            #.........   100%        4    ###....
 Force Lance              Conj/Tloc      #.......     100%        4    ###....
 Fulminant Prism          Conj/Hex       #.........   100%        4    ###....
 Ice Form                 Ice/Tmut       #.......     100%        4    ###....
 Iskenderun's Mystic Bla  Conj           #.......     100%        4    ###....
 Leda's Liquefaction      Hex/Erth       #.........   100%        4    ###....
 Passage of Golubria      Tloc           N/A          100%        4    ###....
 Petrify                  Tmut/Erth      #.......     100%        4    ###....
 Summon Ice Beast         Ice/Summ       #.......     100%        4    ###....
 Summon Lightning Spire   Summ/Air       #.......     100%        4    ###....
 Throw Icicle             Conj/Ice       #.......     100%        4    ###....
 Alistair's Intoxication  Tmut/Pois      #.......     100%        5    #####..
 Blade Hands              Tmut           #.........   100%        5    #####..
 Fireball                 Conj/Fire      #.........   100%        5    #####..
 Irradiate                Conj/Tmut      #.........   100%        5    #####..
 Lee's Rapid Deconstruct  Erth           #.........   100%        5    #####..
 Lightning Bolt           Conj/Air       #.........   100%        5    #####..
 Metabolic Englaciation   Hex/Ice        #.........   100%        5    #####..
 Silence                  Hex/Air        #.........   100%        5    #####..
 Summon Forest            Summ/Tloc      #.........   100%        5    #####..
 Summon Mana Viper        Hex/Summ       #.......     100%        5    #####..
 Yara's Violent Unravell  Hex/Tmut       #.........   100%        5    #####..
 Bolt of Cold             Conj/Ice       #.........   100%        6    ######.
 Bolt of Fire             Conj/Fire      #.........   100%        6    ######.
 Conjure Ball Lightning   Conj/Air       #.........   100%        6    ######.
 Deflect Missiles         Chrm/Air       #.........   100%        6    ######.
 Dispersal                Tloc           #.........   100%        6    ######.
 Freezing Cloud           Conj/Ice/Air   #.........   100%        6    ######.
 Hydra Form               Tmut           #.........   100%        6    ######.
 Ozocubu's Refrigeration  Ice            #.........   100%        6    ######.
 Shadow Creatures         Summ           N/A          100%        6    ######.
 Simulacrum               Ice/Necr       #.........   100%        6    ######.
 Statue Form              Tmut/Erth      #........    100%        6    ######.
 Dragon Form              Tmut           #.........   100%        7    #######
 Haunt                    Necr/Summ      #.........   100%        7    #######
 Malign Gateway           Summ/Tloc      #.........   100%        7    #######
 Ring of Flames           Chrm/Fire      #.........   100%        7    #######
 Summon Hydra             Summ           #.........   100%        7    #######
 Borgnjor's Revivificati  Necr           #.........   100%        8    #######
 Death's Door             Chrm/Necr      #.........   100%        8    #######
 Discord                  Hex            #.........   100%        8    #######
 Disjunction              Tloc           #.........   100%        8    #######
 Ignition                 Fire           #.........   100%        8    #######
 Infestation              Necr           #.........   100%        8    #######
 Necromutation            Tmut/Necr      #.........   100%        8    #######
 Tornado                  Air            #.........   100%        9    #######


Dungeon Overview and Level Annotations

Branches:
Dungeon (15/15)            Temple (0/1) D:6            Lair (6/6) D:8
 Shoals (4/4) Lair:2       Spider (4/4) Lair:3        Slime (0/5) Lair:6
    Orc (2/2) D:10            Elf (3/3) Orc:2        Vaults (4/5) D:14
  Crypt (0/3) Vaults:2     Depths (2/5) D:15

Altars:
Cheibriados
Gozag
Hepliaklqana
Makhleb
Nemelex Xobeh
Okawaru
Qazlal
Sif Muna
Wu Jian
Xom
Zin
Beogh

Shops:
D:7 ?=   D:11 [   D:13 ?   Orc:1 (   Orc:2 :[(*   Elf:2 %   Elf:3 (
Shoals:2 ((   Shoals:4 [   Vaults:1 }   Vaults:3 *

Portals:
Hell: Depths:1
Abyss: Depths:1
Pandemonium: Depths:1
Bazaar: Vaults:4

Annotations:
D:4 4 runed translucent doors
Elf:2 3 runed translucent doors


Innate Abilities, Weirdness & Mutations

You have razor-sharp teeth.
You heal very quickly.
When hurt, damage is shared between your health and your magic reserves.
Your bite disrupts and absorbs the magic of your enemies.
Potions cannot restore your health.
You are immune to rotting.


Message History

The deep troll shaman claws you.
* * * LOW HITPOINT WARNING * * *
The deep troll shaman claws you.
* * * LOW HITPOINT WARNING * * *
A blast of cold appears from out of your range of vision.
The blast of cold hits your green ugly thing!
Your yaktaur wields a +0 arbalest.
Your yaktaur shoots a bolt.
The bolt hits the floating eye!!
The floating eye dies!
Okawaru accepts your kill.
The bolt dissolves into shadows!
Your yaktaur shoots a bolt.
The bolt barely misses the deep troll shaman.
The bolt hits you!
* * * LOW HITPOINT WARNING * * *
The bolt dissolves into shadows!
The deep troll shaman bites you but does no damage.
The deep troll shaman claws you!
* * * LOW HITPOINT WARNING * * *
The deep troll shaman claws you!!
You die...

#..#.#D..#.........
#..#.†##...........
#..u..............#
#....c.##......###
###ccc.....÷.###
###.........†.##
##......*.....##
#......TQ...<##
###....@..#..#
###........#
###.......#
#.........#
##........##
#.......!..##
###.........#
##........#
#####....#


You could see a tengu reaver, a deep troll shaman, a battlesphere, a friendly
green ugly thing and 4 friendly yaktaurs.

Vanquished Creatures
  Mara (Shoals:2)
  Bai Suzhen (Vaults:3)
  Arachne (Spider:3)
  Rupert (D:15)
  A lich (Vaults:4)
  2 deep elf blademasters
  3 deep elf master archers (Elf:3)
  A quicksilver dragon (Depths:1)
  A tentacled starspawn (WizLab)
  Frances (D:12)
  A sphinx (Vaults:4)
  A kraken (Shoals:2)
  2 tengu reavers (Vaults:4)
  A shadow dragon (Vaults:2)
  A storm dragon (Depths:1)
  Roxanne (Spider:4)
  Donald (Shoals:4)
  2 orc warlords
  An imperial myrmidon (Desolation)
  4 fire giants
  9 deep elf sorcerers
  2 ghost moths
  Aizul (Spider:1)
  5 frost giants
  A draconian shifter (WizLab)
  7 emperor scorpions
  A ghoul (Vaults:3)
  A war gargoyle (Vaults:4)
  A deep elf elementalist (Elf:3)
  12 vault wardens
  17 ironheart preservers
  8 stone giants
  3 entropy weavers
  4 deep elf demonologists
  2 very ugly things
  9 deep elf annihilators
  Azrael (D:15)
  3 halazid warlocks (Desolation)
  A dire elephant (D:15)
  A minotaur (Gauntlet)
  5 ettins
  6 spark wasps
  8 merfolk javelineers
  3 crystal guardians (Desolation)
  12 deep elf death magi
  11 merfolk impalers
  2 fire dragons
  5 rakshasas
  8 vault guards
  5 great orbs of eyes
  7 servants of whispers (Desolation)
  2 yaktaur captains
  6 ragged hierophants (Desolation)
  7 peacekeepers (Desolation)
  10 centaur warriors
  3 hydras
  8 ice dragons
  3 merfolk avatars
  A catoblepas (Lair:6)
  4 satyrs
  38 two-headed ogres
  11 dancing weapons
  An alligator snapping turtle (Shoals:3)
  3 death knights
  Erica (D:9)
  8 merfolk aquamancers
  3 deep troll shamans
  13 ogre magi
  8 death scarabs (Spider:4)
  A spriggan berserker (Depths:1)
  3 deep troll earth magi
  2 tengu warriors
  6 death yaks (Lair:6)
  3 orc high priests
  A thrashing horror (WizLab)
  Nergalle (Lair:1)
  19 deep elf knights
  An iron troll (Depths:2)
  A shadow wraith (WizLab)
  2 spectral emperor scorpions (Spider:4)
  13 slime creatures
  A fire crab (shapeshifter) (Depths:1)
  2 unseen horrors (D:14)
  3 skeletal warriors
  An unseen horror (shapeshifter) (Vaults:3)
  2 shadow demons (Elf:1)
  2 flayed ghosts
  A swamp dragon (shapeshifter) (Vaults:1)
  3 glowing orange brains
  12 deep trolls
  3 spectral wolf spiders (Spider:4)
  11 ironbrand convokers
  11 sea snakes
  An obsidian statue (WizLab)
  36 harpies
  3 wolf spider zombies
  25 deep elf archers
  19 orb spiders
  16 orc knights
  A faun (shapeshifter) (Vaults:4)
  4 orc sorcerers (Orc:2)
  20 fauns
  A mana viper (shapeshifter) (Depths:1)
  5 moths of wrath (Spider:4)
  45 ugly things
  56 deep elf magi
  A worldbinder (WizLab)
  An oklob plant (Lair:6)
  27 wolf spiders
  19 manticores
  5 cyclopes
  14 elephants
  A black mamba (Lair:1)
  An apocalypse crab (WizLab)
  7 vault sentinels
  4 ice statues
  Joseph (D:7)
  4 guardian serpents
  5 water nymphs
  10 merfolk sirens
  2 gargoyles (D:12)
  2 rust devils
  A salamander (shapeshifter) (Vaults:2)
  2 molten gargoyles (Desolation)
  2 torpor snails
  A centaur zombie (D:15)
  8 spiny frogs
  An orange demon (WizLab)
  4 centaur skeletons
  2 spectral redbacks (Spider:4)
  2 minotaur zombies (Gauntlet)
  5 komodo dragons
  A demonspawn skeleton (WizLab)
  A rime drake (Lair:3)
  A yaktaur (shapeshifter) (Depths:1)
  10 freezing wraiths
  10 demonic crawlers
  A hellwing (WizLab)
  27 yaktaurs
  A redback zombie (Spider:4)
  2 efreet
  2 kobold demonologists (Elf:1)
  2 ancient zymes (WizLab)
  2 tengu conjurers
  33 merfolk
  A komodo dragon (shapeshifter) (Vaults:3)
  2 polar bears
  A queen bee (Gauntlet)
  3 meliai (Spider:4)
  A jumping spider (shapeshifter) (Depths:1)
  A queen bee (shapeshifter) (D:12)
  6 trolls
  37 jumping spiders
  13 hornets
  52 saltlings
  8 tyrant leeches (Spider:4)
  4 wind drakes
  26 blink frogs
  A harpy skeleton (D:14)
  4 spectral jumping spiders (Spider:4)
  4 spectral tarantellas (Spider:4)
  A large abomination (WizLab)
  9 snapping turtles
  8 hippogriffs
  11 dream sheep
  3 tarantella zombies (Spider:4)
  A fire giant simulacrum (Vaults:2)
  84 redbacks
  38 tarantellas
  A centaur simulacrum (D:13)
  40 yaks
  An air elemental (Elf:1)
  A deep troll skeleton (WizLab)
  5 wraiths
  A vampire (D:15)
  2 shadows
  A human (D:8)
  4 wyverns
  2 ynoxinuls
  7 fire elementals
  3 hogs (D:8)
  20 water elementals
  3 basilisks
  A human (shapeshifter) (Vaults:3)
  Grum (Lair:1)
  2 steam dragons
  2 vampire mosquitoes (D:12)
  3 spatial vortices (WizLab)
  Menkaure (D:7)
  2 hungry ghosts (D:11)
  8 swamp worms (Spider:4)
  An orc skeleton (WizLab)
  4 insubstantial wisps (WizLab)
  2 wargs
  An acid dragon (D:14)
  A gelid demonspawn skeleton (WizLab)
  7 water moccasins
  5 hell hounds
  A small abomination (WizLab)
  4 spectral hornets (Spider:4)
  34 orc warriors
  6 porcupines
  A black bear (shapeshifter) (Vaults:3)
  11 ice beasts
  3 black bears
  2 sky beasts (D:7)
  2 eyes of draining
  2 phantoms
  29 ogres
  8 boggarts
  A necrophage (D:14)
  9 wolves
  21 centaurs
  A centaur (shapeshifter) (Vaults:4)
  16 crocodiles
  A big kobold (D:11)
  12 bullfrogs
  2 earth elementals
  Blork the orc (D:4)
  A gnoll sergeant (D:11)
  3 wyvern skeletons
  9 scorpions
  A human simulacrum (Vaults:3)
  6 killer bees
  17 wights
  5 howler monkeys
  6 electric eels
  8 crimson imps
  A bullfrog zombie (D:13)
  7 hounds
  4 quasits
  3 jellies
  21 orc priests
  A gnoll shaman (D:6)
  4 bullfrog skeletons
  5 iron imps
  4 iguanas
  Ijyb (D:4)
  9 worker ants
  23 orc wizards
  12 gnolls
  16 adders
  6 shadow imps
  3 white imps (Lair:4)
  5 oozes
  2 adder zombies (D:8)
  2 adder skeletons
  9 worms
  A dart slug (D:4)
  4 leopard geckos
  77 orcs
  3 ball pythons
  6 bats
  5 giant cockroaches
  4 goblins
  6 hobgoblins
  11 jackals
  10 kobolds
  4 quokkas
  6 frilled lizards
  A leopard gecko skeleton (D:6)
  2 rats
  2 crawling corpses (Elf:1)
  3 plants
  4 starspawn tentacles (WizLab)
  3 tentacles (Shoals:2)
1845 creatures vanquished.

Vanquished Creatures (collateral kills)
  2 deep elf elementalists (Elf:3)
  A deep elf high priest (Elf:3)
  A deep troll shaman (Depths:2)
  A floating eye (Depths:2)
5 creatures vanquished.

Vanquished Creatures (others)
  An eldritch tentacle (WizLab)
  A dream sheep (Shoals:1)
  A redback (Spider:2)
  A bush (Lair:5)
  6 fungi
  27 plants
  A starspawn tentacle (WizLab)
  5 tentacles (Shoals:2)
43 creatures vanquished.

Grand Total: 1893 creatures vanquished

Notes
Turn   | Place    | Note
-------+----------+-------------------------------------------
     0 | D:1      | Morbidden the Vine Stalker Fighter began the quest for the
                  | Orb.
     0 | D:1      | Reached XP level 1. HP: 11/11 MP: 2/2
    59 | D:1      | Reached XP level 2. HP: 10/16 MP: 3/3
   791 | D:2      | Reached skill level 3 in Shields
   791 | D:2      | Reached XP level 3. HP: 17/20 MP: 4/4
  1644 | D:3      | Gained mutation: Your natural rate of healing is unusually
                  | fast. [Vine Stalker growth]
  1644 | D:3      | Reached XP level 4. HP: 24/24 MP: 4/6
  1650 | D:3      | Reached skill level 1 in Spellcasting
  1835 | D:3      | Reached skill level 1 in Stealth
  1835 | D:3      | Reached XP level 5. HP: 15/28 MP: 3/7
  2157 | D:3      | Reached XP level 6. HP: 30/32 MP: 9/9
  2581 | D:4      | Found a large runed translucent door.
  2581 | D:4      | Found a large runed translucent door.
  2604 | D:4      | Found a large runed translucent door.
  2605 | D:4      | Found a large runed translucent door.
  2612 | D:4      | Noticed Ijyb
  2625 | D:4      | Killed Ijyb
  2700 | D:4      | Noticed Blork the orc
  2703 | D:4      | Reached XP level 7. HP: 29/37 MP: 7/11
  2715 | D:4      | Killed Blork the orc
  2741 | D:4      | Reached skill level 4 in Shields
  2943 | D:4      | Found the +2 Maxwell's thermic engine {flame, freeze}
  3159 | D:5      | Entered Level 5 of the Dungeon
  3159 | D:5      | Found a shimmering altar of Xom.
  3159 | D:5      | Found an opulent altar of Gozag.
  3159 | D:5      | Found a stormy altar of Qazlal.
  3547 | D:5      | Found a snail-covered altar of Cheibriados.
  3554 | D:5      | Gained mutation: You have razor-sharp teeth. [Vine Stalker
                  | growth]
  3554 | D:5      | Reached XP level 8. HP: 31/42 MP: 9/13
  3624 | D:5      | Found an iron altar of Okawaru.
  3641 | D:5      | Became a worshipper of Warmaster Okawaru
  3954 | D:6      | Reached skill level 1 in Long Blades
  4407 | D:6      | Reached skill level 1 in Invocations
  4596 | D:6      | Found a staircase to the Ecumenical Temple.
  4627 | D:6      | Found a glowing silver altar of Zin.
  4895 | D:7      | Noticed a hippogriff
  4897 | D:7      | Reached * piety under Okawaru
  4900 | D:7      | Killed a hippogriff
  4923 | D:7      | Reached XP level 9. HP: 28/46 MP: 9/15
  5029 | D:7      | Found Jeafruph's Magic Scroll Shoppe.
  5190 | D:7      | Found Jaaw's Jewellery Shop.
  5271 | D:7      | Reached skill level 5 in Long Blades
  5355 | D:7      | Noticed Menkaure
  5366 | D:7      | Killed Menkaure
  5366 | D:7      | Reached skill level 5 in Fighting
  6026 | D:7      | Noticed Joseph
  6036 | D:7      | Killed Joseph
  6036 | D:7      | Reached skill level 5 in Shields
  6263 | D:8      | Reached ** piety under Okawaru
  6426 | D:8      | Reached skill level 1 in Dodging
  6431 | D:8      | Reached XP level 10. HP: 47/51 MP: 15/17
  6457 | D:8      | Found a hazy altar of Hepliaklqana.
  6474 | D:8      | Reached *** piety under Okawaru
  6498 | D:8      | Found a staircase to the Lair.
  6574 | D:8      | Received a gift from Okawaru
  6583 | D:8      | Reached skill level 6 in Shields
  6672 | D:8      | Found a sparkling altar of Nemelex Xobeh.
  6703 | D:8      | Reached skill level 5 in Spellcasting
  6928 | D:9      | Reached **** piety under Okawaru
  7140 | D:9      | Noticed Erica
  7148 | D:9      | Killed Erica
  7148 | D:9      | Reached ***** piety under Okawaru
  7148 | D:9      | Reached XP level 11. HP: 47/56 MP: 20/20
  7548 | D:10     | Entered Level 10 of the Dungeon
  7690 | D:10     | Reached skill level 7 in Shields
  7738 | D:10     | Noticed a two-headed ogre
  7743 | D:10     | Killed a two-headed ogre
  7743 | D:10     | Received a gift from Okawaru
  7748 | D:10     | Got a transparent long sword {god gift}
  7749 | D:10     | Identified the +9 long sword of Daodas {slice, rC+}
                  | (Okawaru gifted it to you on level 10 of the Dungeon)
  8044 | D:10     | Found a staircase to the Orcish Mines.
  8338 | D:11     | Reached skill level 5 in Invocations
  8414 | D:11     | Found Ismymp's Armour Emporium.
  8449 | D:11     | Noticed a cyclops
  8458 | D:11     | Killed a cyclops
  8465 | D:11     | Found a gate leading to a gauntlet.
  8474 | Gauntlet | Entered a Gauntlet
  8474 | Gauntlet | Found a transporter.
  8474 | Gauntlet | Found a transporter.
  8478 | Gauntlet | Found a transporter.
  8478 | Gauntlet | Found a transporter.
  8487 | Gauntlet | Found a transporter.
  8500 | Gauntlet | Noticed a soul eater
  8506 | Gauntlet | Found a transporter.
  8512 | Gauntlet | Found a transporter.
  8512 | Gauntlet | Found a transporter.
  8512 | Gauntlet | Noticed a great orb of eyes
  8516 | Gauntlet | Noticed a large abomination
  8516 | Gauntlet | Noticed a large abomination
  8516 | Gauntlet | Noticed a purple ugly thing
  8536 | Gauntlet | Found a transporter.
  8543 | Gauntlet | Found a transporter.
  8555 | Gauntlet | Found a transporter.
  8573 | Gauntlet | Found a transporter.
  8618 | Gauntlet | Found a transporter.
  8634 | Gauntlet | Found a transporter.
  8735 | Gauntlet | Found a transporter.
  8757 | Gauntlet | Found a transporter.
  9347 | Gauntlet | Killed a great orb of eyes
  9347 | Gauntlet | Received a gift from Okawaru
  9347 | Gauntlet | Reached skill level 10 in Long Blades
  9355 | Gauntlet | Killed a purple ugly thing
  9355 | Gauntlet | Reached skill level 5 in Armour
  9355 | Gauntlet | Gained mutation: You heal very quickly. [Vine Stalker
                  | growth]
  9355 | Gauntlet | Reached XP level 12. HP: 55/61 MP: 18/22
  9364 | Gauntlet | Got a pair of bloodstained boots
  9389 | Gauntlet | Identified the +2 pair of boots of Nydwa {Slay+3} (You
                  | found it in a Gauntlet)
  9409 | Gauntlet | Identified the ring of Cur Ajan {Fire rN+ Str+4 Int-2
                  | Stlth+}
  9409 | Gauntlet | Noticed a minotaur
  9419 | Gauntlet | Killed a minotaur
  9425 | Gauntlet | Reached skill level 8 in Shields
 10082 | Lair:1   | Entered Level 1 of the Lair of Beasts
 10104 | Lair:1   | Noticed Grum
 10112 | Lair:1   | Killed Grum
 10336 | Lair:1   | Noticed Nergalle
 10343 | Lair:1   | Killed Nergalle
 10850 | D:7      | Bought the ring "Lese" {rF+ rC+ Str+3 Int+2} for 693 gold
                  | pieces
 11048 | Lair:2   | Found a staircase to the Shoals.
 11785 | Lair:3   | Found a hole to the Spider Nest.
 11798 | Lair:3   | Reached ****** piety under Okawaru
 11870 | Lair:3   | Received a gift from Okawaru
 12198 | Lair:4   | Reached skill level 9 in Shields
 12199 | Lair:4   | Reached XP level 13. HP: 59/66 MP: 21/24
 12685 | Lair:4   | Noticed an ice dragon
 12702 | Lair:4   | Killed an ice dragon
 13094 | Lair:5   | Received a gift from Okawaru
 13962 | Lair:6   | Entered Level 6 of the Lair of Beasts
 13996 | Lair:6   | Received a gift from Okawaru
 14207 | Lair:6   | Reached XP level 14. HP: 72/72 MP: 26/26
 14440 | Lair:6   | Reached skill level 10 in Shields
 14603 | Lair:6   | Found a staircase to the Slime Pits.
 15322 | D:12     | Received a gift from Okawaru
 15385 | D:12     | You fall through a shaft!
 15417 | D:13     | Found Botepefi's Magic Scroll Shop.
 15999 | D:12     | Found an ornate altar of the Wu Jian Council.
 16130 | D:12     | Noticed Frances
 16288 | D:12     | Killed Frances
 16995 | D:14     | Received a gift from Okawaru
 17226 | D:14     | Reached XP level 15. HP: 78/78 MP: 28/28
 17265 | D:14     | Reached skill level 11 in Shields
 17395 | D:14     | Found a gate to the Vaults.
 17530 | D:15     | Entered Level 15 of the Dungeon
 17530 | D:15     | Noticed Rupert
 17554 | D:15     | Killed Rupert
 17554 | D:15     | Reached skill level 5 in Dodging
 17596 | D:15     | Received a gift from Okawaru
 17648 | D:15     | Found a frozen archway.
 17707 | IceCv    | Entered an ice cave
 17766 | IceCv    | Got a scorched chain mail
 17777 | IceCv    | Identified the +8 chain mail "Xoinkoc" {rN+ MR+} (You found
                  | it in an ice cave)
 17871 | IceCv    | Got a crude lead ring
 17872 | IceCv    | Identified the ring "Zeenanin" {Wiz +Blink rF- Int+5} (You
                  | found it in an ice cave)
 18157 | D:15     | Noticed Azrael
 18177 | D:15     | Killed Azrael
 18289 | D:15     | Reached skill level 10 in Spellcasting
 18289 | D:15     | Reached XP level 16. HP: 84/84 MP: 29/31
 18290 | D:15     | Reached skill level 15 in Long Blades
 18290 | D:15     | Reached XP level 17. HP: 88/88 MP: 29/32
 18521 | D:15     | Received a gift from Okawaru
 18644 | D:15     | Found a staircase to the Depths.
 19025 | Orc:1    | Entered Level 1 of the Orcish Mines
 19173 | D:11     | Bought the -2 hat of the Alchemist {rElec rPois rF+ rC+ rN+
                  | MR+ rMut rCorr} for 802 gold pieces
 19173 | D:11     | Found the -2 hat of the Alchemist {rElec rPois rF+ rC+ rN+
                  | MR+ rMut rCorr}
 19252 | Orc:2    | Entered Level 2 of the Orcish Mines
 19476 | Orc:2    | Found a burning altar of Makhleb.
 19623 | Orc:2    | Found a roughly hewn altar of Beogh.
 19629 | Orc:2    | Found Bilegawn's Antique Weapon Boutique.
 19661 | Orc:2    | Found a staircase to the Elven Halls.
 19717 | Orc:2    | Found Ifajeg's Book Boutique.
 20025 | Orc:2    | Found Kawugees's General Store.
 20051 | Orc:2    | Found Sekadeg's Antique Armour Boutique.
 20348 | Spider:1 | Entered Level 1 of the Spider Nest
 20437 | Spider:1 | Reached skill level 10 in Fighting
 20635 | Spider:1 | Noticed Aizul
 20655 | Spider:1 | Killed Aizul
 20937 | Spider:1 | Reached XP level 18. HP: 85/93 MP: 31/33
 21176 | Spider:1 | Reached skill level 12 in Shields
 21289 | Spider:1 | Received a gift from Okawaru
 22589 | Spider:3 | Received a gift from Okawaru
 22592 | Spider:3 | Got a pair of ichor-stained boots {god gift}
 22603 | Spider:3 | Identified the +1 pair of boots of the Unbroken {rElec
                  | Stlth+} (Okawaru gifted it to you on level 3 of the Spider
                  | Nest)
 22636 | Spider:3 | Noticed Arachne
 22660 | Spider:3 | Killed Arachne
 22895 | Spider:3 | Reached skill level 13 in Shields
 23401 | Spider:4 | Entered Level 4 of the Spider Nest
 23637 | Spider:4 | Identified Roxanne's Handbook of Transmutation
 23637 | Spider:4 | Noticed Roxanne
 23663 | Spider:4 | Killed Roxanne
 23677 | Spider:4 | Received a gift from Okawaru
 24024 | Spider:4 | Reached XP level 19. HP: 100/100 MP: 35/35
 24103 | Spider:4 | Reached skill level 1 in Evocations
 24350 | Spider:4 | Received a gift from Okawaru
 24915 | Spider:4 | Reached skill level 14 in Shields
 24983 | Spider:4 | Got a gossamer rune of Zot
 25380 | Elf:1    | Entered Level 1 of the Elven Halls
 25666 | Orc:1    | Found Gikasigu's Antique Weapon Emporium.
 26269 | Elf:1    | Found a deep blue altar of Sif Muna.
 26665 | Elf:1    | Received a gift from Okawaru
 27302 | Elf:2    | Found Qetill's Food Shop.
 27397 | Elf:2    | Found a runed translucent gate.
 27397 | Elf:2    | Found a runed translucent gate.
 27397 | Elf:2    | Found a runed translucent gate.
 27407 | Elf:2    | Reached XP level 20. HP: 105/107 MP: 36/36
 27497 | Elf:2    | Received a gift from Okawaru
 27500 | Elf:2    | Reached skill level 15 in Shields
 27695 | Elf:3    | Entered Level 3 of the Elven Halls
 27696 | Elf:3    | Identified a scroll of acquirement
 28016 | Elf:3    | Found Ziunug's Weapon Shoppe.
 28628 | Shoals:1 | Entered Level 1 of the Shoals
 28680 | Shoals:1 | Received a gift from Okawaru
 29918 | Shoals:2 | Reached skill level 16 in Shields
 29926 | Shoals:2 | Found Gucaf's Weapon Shoppe.
 30216 | Shoals:2 | Found Esonlit's Antique Weapon Boutique.
 30396 | Shoals:3 | Noticed Mara
 30413 | Shoals:2 | Noticed Morbidden's illusion
 30418 | Shoals:2 | Killed Mara
 30497 | Shoals:3 | Received a gift from Okawaru
 30670 | Shoals:3 | Identified the +2 shield of the Villain {rN+ SInv} (You
                  | found it on level 3 of the Shoals)
 30799 | Shoals:3 | Reached XP level 21. HP: 113/113 MP: 38/38
 31055 | Shoals:4 | Entered Level 4 of the Shoals
 31111 | Shoals:4 | Identified Diujee's Tome of the Glacial Traveller
 31334 | Shoals:4 | Received a gift from Okawaru
 31353 | Shoals:4 | Got a barnacled rune of Zot
 31378 | Shoals:4 | Found Pust's Antique Armour Emporium.
 31389 | Shoals:4 | Noticed Donald
 31421 | Shoals:4 | Killed Donald
 31535 | Shoals:4 | Reached skill level 17 in Shields
 31563 | Shoals:4 | Identified the Reference Book on Frigorific Battle Magic
 31746 | Shoals:4 | Received a gift from Okawaru
 32002 | Shoals:4 | Bought jewelled fire dragon scales for 1170 gold pieces
 32012 | Shoals:4 | Identified the cursed +1 fire dragon scales "Wiuxagri"
                  | {+Inv rElec rF++ rC-} (You bought it in a shop on level 4
                  | of the Shoals)
 32967 | Elf:3    | Got a wavering glass ring
 32976 | Elf:3    | Identified the ring "Ydotsebb" {rF+ MR+} (You found it on
                  | level 3 of the Elven Halls)
 32984 | Elf:3    | Got a glittering ivory ring
 32985 | Elf:3    | Identified the ring of Suemygg {Ice Dex+4} (You found it on
                  | level 3 of the Elven Halls)
 32993 | Elf:3    | Identified the Grimoire of Shifting Bewitchment
 32998 | Elf:3    | Got a translucent wooden ring
 32999 | Elf:3    | Identified the ring of Daorox {Dex+3 Stlth+} (You found it
                  | on level 3 of the Elven Halls)
 33112 | Elf:3    | Got a translucent platinum ring
 33113 | Elf:3    | Identified the cursed ring "Emiofyde" {EV-3 Dex+3} (You
                  | found it on level 3 of the Elven Halls)
 33143 | Elf:3    | Got a clouded graven amulet
 33146 | Elf:3    | Identified the amulet of Biprean {Harm *Drain Fragile Int+7
                  | Stlth+} (You found it on level 3 of the Elven Halls)
 33177 | Elf:3    | Got an amber-studded chain mail
 33189 | Elf:3    | Identified the +0 chain mail of Qipnes {MR+ Str+6} (You
                  | found it on level 3 of the Elven Halls)
 33257 | Elf:3    | Got a faintly glowing tin ring
 33267 | Elf:3    | Identified the ring of Ivaut {Wiz rElec Dex+2} (You found
                  | it on level 3 of the Elven Halls)
 33277 | Elf:3    | Got a brightly glowing copper ring
 33278 | Elf:3    | Identified the ring of Amaisem {rF+ MP+9 Str-4 Int+2} (You
                  | acquired it on level 3 of the Elven Halls)
 33567 | Vaults:1 | Entered Level 1 of the Vaults
 33651 | Vaults:1 | Found a magical portal.
 33729 | Vaults:1 | Found Caehopn's Gadget Boutique.
 33824 | WizLab   | Entered The Roulette of Golubria
 33824 | WizLab   | Found a transporter.
 33931 | WizLab   | Found a corrupted altar of Lugonu.
 33932 | WizLab   | Found the +1 cloak of Starlight {rElec rC+ EV+4 Stlth--}
 33940 | WizLab   | Found a transporter.
 33947 | WizLab   | Found a transporter.
 33982 | WizLab   | Found a transporter.
 34016 | WizLab   | Found the +2 cloak of the Thief {+Fog Slay-2 SInv Stlth+}
 34066 | WizLab   | Found a transporter.
 34131 | WizLab   | Found a transporter.
 34157 | WizLab   | Reached XP level 22. HP: 120/120 MP: 40/40
 34169 | WizLab   | Found a transporter.
 34169 | WizLab   | Found a transporter.
 34223 | WizLab   | Found a transporter.
 34260 | WizLab   | Found a transporter.
 34362 | WizLab   | Found a transporter.
 34362 | WizLab   | Found a transporter.
 34423 | WizLab   | Found a transporter.
 34486 | WizLab   | Reached skill level 18 in Shields
 34487 | WizLab   | Found a transporter.
 34602 | WizLab   | Found a transporter.
 34602 | WizLab   | Found a transporter.
 34631 | WizLab   | Found a transporter.
 34631 | WizLab   | Found a transporter.
 34646 | WizLab   | Identified Golubria's Almanac of Compression
 34670 | WizLab   | Found a transporter.
 34670 | WizLab   | Found a transporter.
 35415 | Vaults:1 | Received a gift from Okawaru
 36046 | Vaults:2 | Found a staircase to the Crypt.
 36058 | Vaults:2 | Received a gift from Okawaru
 36508 | Vaults:2 | Reached skill level 10 in Dodging
 36876 | Vaults:3 | Found a flickering gateway to a bazaar.
 36879 | Vaults:3 | Found Jullos's Assorted Antiques.
 36907 | Bazaar   | Entered a bazaar
 36910 | Bazaar   | Found Anirph's Food Shoppe.
 36920 | Bazaar   | Found Aro Bom's Armour Boutique.
 36934 | Bazaar   | Found Tauves's Armour Shop.
 36943 | Bazaar   | Found Boarefat's Weapon Boutique.
 36961 | Bazaar   | Bought the +10 plate armour "Juuqoigy" {+Fly Str+3 Slay+3}
                  | for 1409 gold pieces
 37005 | Vaults:3 | Bought a flickering silver ring for 195 gold pieces
 37008 | Vaults:3 | Identified the ring "Akhla" {*Tele rF+ Dex+4 SInv} (You
                  | bought it in a shop on level 3 of the Vaults)
 37043 | Vaults:3 | Noticed Bai Suzhen
 37059 | Vaults:3 | Killed Bai Suzhen
 37059 | Vaults:3 | Reached skill level 15 in Fighting
 37165 | Vaults:3 | Reached skill level 19 in Shields
 37199 | Vaults:3 | Reached XP level 23. HP: 123/126 MP: 39/41
 37586 | Vaults:3 | Received a gift from Okawaru
 38384 | Vaults:4 | Found a gateway to a bazaar.
 38473 | Vaults:4 | Found a ruined gateway.
 38483 | Desolati | Entered the Desolation of Salt
 38590 | Desolati | Found the +12 glaive of Prune {chop}
 38623 | Desolati | Identified Bogafuig's Papyrus of Assistive Transmigration
 38642 | Desolati | Identified the Disquisition on Creation
 38740 | Desolati | Got a brightly glowing lapis lazuli ring
 38741 | Desolati | Identified the cursed ring "Supifenn" {rN+ MR+ Int-2} (You
                  | found it in the Desolation of Salt)
 38840 | Desolati | Reached skill level 20 in Shields
 38980 | Desolati | Identified Zeroco's Handbook of Displacement
 38984 | Desolati | Identified the amulet of Emus {Harm *Drain Str+2} (You
                  | found it in the Desolation of Salt)
 39000 | Desolati | Identified the ring of Oczustej {Wiz rElec rC+++ Str+2}
                  | (You found it in the Desolation of Salt)
 39205 | Desolati | Reached XP level 24. HP: 133/133 MP: 42/42
 39294 | Desolati | Identified the +0 chain mail of Fortification {rC+ Str+2
                  | Int+4} (You found it in the Desolation of Salt)
 39479 | Vaults:4 | Received a gift from Okawaru
 39744 | Vaults:4 | Reached skill level 1 in Throwing
 40612 | Depths:1 | Entered Level 1 of the Depths
 40612 | Depths:1 | Found a one-way gate to the infinite horrors of the Abyss.
 40736 | Depths:1 | Found a runed translucent door.
 40759 | Depths:1 | Received a gift from Okawaru
 41081 | Depths:1 | Found a one-way gate leading to the halls of Pandemonium.
 41289 | Depths:1 | Found a gateway to Hell.
 41439 | Depths:2 | Paralysed by a floating eye for 3 turns
 41448 | Depths:2 | Paralysed by a floating eye for 4 turns
 41465 | Depths:2 | Paralysed by a floating eye for 2 turns
 41466 | Depths:2 | HP: 5/136 [deep troll shaman (11)]
 41466 | Depths:2 | Mangled by a deep troll shaman

Levels and vault maps discovered:
D:1:      dpeg_arrival_rooms_a, layout_basic
D:2:      layout_loops_corners
D:3:      layout_loops_ring
D:4:      layout_rooms, serial_curves, eino_curves_01, eino_curves_03,
          minmay_hollow_rounded_squares, uniq_ijyb, uniq_blork_the_orc
D:5:      layout_cave_pods, slow_altar_2,
          chequers_temple_overflow_statue_of_worship, basic_altar, first_ration
D:6:      layout_basic, zin_treasury, lemuel_temple_firewalk_b
D:7:      layout_rooms, serial_co_window_serial, co_window_cross_1,
          co_window_paths_a, co_window_of_opportunity_a,
          co_window_of_opportunity_a, co_window_paths_b,
          co_window_of_opportunity_a, co_window_2corner, co_window_broadway_a,
          co_window_paths_c, co_window_2corner, co_window_paths_c,
          co_window_corner_b, co_window_4corner_b, glass_columns_a,
          glass_columns_b, glass_columns_a, serial_shops, shop, shop,
          uniq_menkaure, uniq_joseph
D:8:      layout_basic, kennysheep_little_box, minmay_lair_entry_grove,
          grunt_livestock, nemelex_altar_shiori
D:9:      layout_basic, uniq_erica
D:10:     layout_irregular_city, orc_0_dummy
D:11:     layout_basic, gauntlet_entry_generic, serial_shops,
          nicolae_shop_behind_doors
D:12:     layout_basic, basic_altar, hangedman_corner_corridor, uniq_frances
D:13:     layout_roguey, serial_shops, shop_fountains,
          minmay_misc_feat_diagonals
D:14:     layout_roguey, hangedman_vaults_entry_quadrant_bands, minivault_11
D:15:     hangedman_depths_entry_try_elsewhere_first, layout_basic,
          chequers_serial_rivers_large_a, portal_ice_cave_entry_pillars_1,
          hangedman_abyss_or_decor_lesser_grid, uniq_azrael, uniq_rupert
Lair:1:   layout_loops_ring, uniq_nergalle, uniq_grum
Lair:2:   layout_loops_ring, elwin_shoals_entry_rocks, st_stairs_13
Lair:3:   wander_river, layout_concentric_octagons,
          nicolae_spider_entry_non_spiders
Lair:4:   layout_loops_ring, bobbens_ice_dragon_lair, infiniplex_staircase_pool
Lair:5:   layout_small_grid, serial_bayou_shore_a
Lair:6:   grunt_lair_end_beastmaster, layout_gridlike,
          nicolae_slime_entry_slimehenge
Shoals:1: layout_shoals
Shoals:2: layout_shoals, serial_shops, nicolae_shop_overgrown_old_shop, shop,
          nicolae_shoals_kraken_intersection
Shoals:3: layout_shoals, nicolae_shoals_mertower, uniq_mara
Shoals:4: shoals_end_simple, layout_shoals, serial_shops, shop_statue,
          nicolae_shoals_square_sea_wall, uniq_donald
Spider:1: spiders_nest_scorpion_pit, uniq_aizul
Spider:2: layout_chambers
Spider:3: layout_spider_delve, uniq_arachne
Spider:4: floodkiller_spider_rune_tomb, worms_lemuel, uniq_roxanne
Orc:1:    layout_diamond_mine, serial_shops, shop_statue
Orc:2:    grunt_orc_cross, layout_diamond_mine, bloody_makhleb
Elf:1:    layout_geoelf_grid, minmay_elf_crystal_heptagon,
          hangedman_summoners_spam
Elf:2:    layout_geoelf_octagon, serial_shops, nicolae_shop_stone,
          guppyfry_elf_castle
Elf:3:    minmay_elf_hall, layout_onion_city, serial_shops, shop
Vaults:1: nicolae_vaults_big_angled_halls, v_misc_11, hangedman_vaults_pinch,
          vaults_room_glass_cross, ontoclasm_vaults_loading_screen,
          vaults_room_large_hall, hangedman_vaults_stretched_pinwheel,
          hangedman_vaults_maws, nicolae_vaults_little_ls,
          hangedman_vaults_stream, layout_vaults_big_cross, mu_enter_wizlab_5,
          serial_shops, shop
Vaults:2: vaults_dpeg_hooks, vaults_room_door_hall, v_misc_17,
          nicolae_vaults_diagonal_hallway_7, grunt_vaults_twisty,
          vaults_room_door_hall, minmay_crypt_entry_nasty_monster,
          vaults_dpeg_encased_lava, vaults_room_pools, ontoclasm_vaults_eye,
          vaults_dpeg_spiral, layout_vaults_maze_snakey
Vaults:3: dpeg_vaults_waves, ontoclasm_vaults_tryst,
          vaults_room_mumra_shop_pool, hangedman_vaults_restitches, v_pattern_2,
          v_misc_2, vaults_room_pool, vaults_standard_mumra_x,
          layout_vaults_omnigrid, serial_shops, bzr_entry_dummy, uniq_bai_suzhen
Vaults:4: vaults_standard_mumra_enter_the_diamond, vaults_room_door_hall,
          nicolae_vaults_sealed_display, nicolae_vaults_stairing_the_circle,
          dpeg_vaults_monster_row, ontoclasm_vaults_loading_screen,
          hangedman_vaults_snaps, st_more_cells, grunt_vaults_diagonal,
          vaults_room_ringed_pool, ontoclasm_vaults_idyll, layout_vaults_ring,
          portal_desolation_entry_nicolae_nacl, serial_shops, statue_bzr
Depths:1: layout_basic, rand_demon_pan_entry_3, abyss_entry,
          grunt_hell_entry_dis_old, lightli_gold_pyramid
Depths:2: kb_forest_paths, layout_cave_pools, pf_coc_iceberg,
          serial_bayou_lagoon_a, uniq_asterion, uniq_sojobo
Bazaar:   bazaar_kb_twisted_cavern
IceCv:    ice_cave_statue_garden_chambered
WizLab:   wizlab_golubria
Desolation
Gauntlet: gammafunk_gauntlet_branching [nicolae_gauntlet_arena_t_cross,
          gammafunk_gauntlet_arena_spirals, nicolae_gauntlet_arena_x,
          nicolae_gauntlet_arena_flowing_pool,
          gammafunk_gauntlet_arena_arrow_garden,
          gammafunk_gauntlet_arena_split_x,
          gammafunk_gauntlet_arena_split_diamond, nicolae_gauntlet_arena_blocks,
          gauntlet_exit_hidden_loot]

Skill      XL: |  1  2  3  4  5  6  7  8  9 10 11 12 13 14 15 16 17 18 19 20 21 22 23 24 |
---------------+-------------------------------------------------------------------------+-----
Fighting       | 3 4 5 6 7 8 9 10 11 12 13 14 15 16 17 | 17.0
Axes           | 2 3 4 |  4.7
Shields        | 3 4 5 6 7 9 10 11 13 14 16 17 19 20 | 20.9
Spellcasting   | 1 2 3 4 5 6 7 8 10 11 12 13 14 | 14.5
Stealth        | 1 2 |  2.1
Armour         | 3 4 5 6 7 8 9 |  9.7
Long Blades    | 4 6 8 10 11 12 13 14 15 16 | 16.5
Invocations    | 2 3 4 5 6 7 8 |  8.0
Dodging        | 1 3 4 5 7 8 9 10 11 | 11.2
Evocations     | 1 |  1.5
Throwing       | 3 |  3.6

Action                   |  1- 3 |  4- 6 |  7- 9 | 10-12 | 13-15 | 16-18 | 19-21 | 22-24 || total
-------------------------+-------+-------+-------+-------+-------+-------+-------+-------++-------
Melee: War axe           |   110 |   151 |    65 |       |       |       |       |       ||   326
       Bite              |    23 |    51 |    77 |   182 |   271 |   293 |   634 |   701 ||  2232
       Double sword      |       |       |   161 |   445 |   667 |   714 |  1552 |  1296 ||  4835
Throw: Javelin           |       |       |       |       |       |     2 |       |       ||     2
Invok: Heroism           |       |       |       |     6 |     4 |     4 |     9 |     5 ||    28
       Finesse           |       |       |       |     2 |     3 |     1 |     4 |     1 ||    11
Evoke: Wand              |       |       |       |     2 |     6 |     6 |     3 |       ||    17
       Lamp of fire      |       |       |       |       |     2 |     2 |     2 |     1 ||     7
       Phial of floods   |       |       |       |       |     1 |       |     1 |       ||     2
       Fan of gales      |       |       |       |       |       |     1 |       |       ||     1
  Use: Scroll            |     4 |     1 |     6 |    16 |     8 |    10 |    12 |    19 ||    76
       Potion            |       |       |       |     1 |     2 |     3 |     2 |       ||     8
 Stab: Petrified         |       |       |       |       |     1 |       |       |       ||     1
       Held in net/web   |       |       |       |       |       |     1 |       |       ||     1
       Invisible         |       |       |       |       |       |       |     1 |     1 ||     2
  Eat: Chunk             |     2 |     4 |     9 |    11 |    10 |     8 |    15 |    12 ||    71
       Ration            |       |       |     1 |     3 |     3 |     4 |     6 |     3 ||    20
Armor: Scale mail        |    53 |       |       |       |       |       |       |       ||    53
       Chain mail        |    26 |    89 |   112 |   142 |   246 |   266 |   441 |    56 ||  1378
       Plate armour      |       |       |       |       |       |       |       |   180 ||   180
Dodge: Dodged            |    47 |    19 |    35 |   107 |   152 |   199 |   466 |   389 ||  1414
Block: Shield            |    57 |       |       |       |       |       |       |       ||    57
       Large shield      |    21 |   129 |   180 |   368 |   576 |   716 |  1738 |  1211 ||  4939
       Rpst.: Double sword |       |       |    12 |    38 |    38 |    40 |    75 |    79 ||   282

Table legend:
 A = Non-vault XP
 B = Vault XP
 C = Vault XP percentage of total XP
 D = Non-vault monster count
 E = Vault monster count
 F = Vault count percentage of total count
                 A         B        C        D         E       F
            +---------+---------+-------+---------+---------+-------
      Total |  441676 |  399818 |  47.5 |    1171 |     668 |  36.3
            +---------+---------+-------+---------+---------+-------
        D:1 |      21 |       0 |   0.0 |      12 |       0 |   0.0
        D:2 |      52 |       0 |   0.0 |      13 |       0 |   0.0
        D:3 |     261 |       0 |   0.0 |      31 |       0 |   0.0
        D:4 |     435 |     300 |  40.8 |      19 |      10 |  34.5
        D:5 |     122 |      39 |  24.2 |      10 |       1 |   9.1
        D:6 |     645 |       0 |   0.0 |      27 |       0 |   0.0
        D:7 |    1048 |     617 |  37.1 |      14 |       2 |  12.5
        D:8 |     929 |    2854 |  75.4 |      15 |      17 |  53.1
        D:9 |    1945 |     892 |  31.4 |      22 |       1 |   4.3
       D:10 |    2581 |       0 |   0.0 |      18 |       0 |   0.0
       D:11 |    4112 |       0 |   0.0 |      39 |       0 |   0.0
       D:12 |    4923 |    3868 |  44.0 |      29 |       7 |  19.4
       D:13 |    4574 |       0 |   0.0 |      18 |       0 |   0.0
       D:14 |    9169 |    5062 |  35.6 |      33 |      19 |  36.5
       D:15 |   13335 |    8770 |  39.7 |      34 |      13 |  27.7
     Lair:1 |    3445 |    1466 |  29.9 |      18 |       6 |  25.0
     Lair:2 |    1500 |       0 |   0.0 |       6 |       0 |   0.0
     Lair:3 |    2455 |     506 |  17.1 |       8 |       8 |  50.0
     Lair:4 |    6340 |     953 |  13.1 |      31 |       4 |  11.4
     Lair:5 |    9720 |       0 |   0.0 |      36 |       0 |   0.0
     Lair:6 |    5994 |   10327 |  63.3 |      17 |      24 |  58.5
   Shoals:1 |   15506 |       0 |   0.0 |      32 |       0 |   0.0
   Shoals:2 |   26223 |    9308 |  26.2 |      53 |       2 |   3.6
   Shoals:3 |   11701 |    6226 |  34.7 |      25 |       7 |  21.9
   Shoals:4 |   20536 |   28297 |  57.9 |      41 |      37 |  47.4
   Spider:1 |   11159 |   11411 |  50.6 |      37 |      21 |  36.2
   Spider:2 |   18147 |       0 |   0.0 |      55 |       0 |   0.0
   Spider:3 |   20936 |    3466 |  14.2 |      64 |       1 |   1.5
   Spider:4 |   10454 |   41976 |  80.1 |      28 |      91 |  76.5
      Orc:1 |    3925 |       0 |   0.0 |      43 |       0 |   0.0
      Orc:2 |     904 |    8088 |  89.9 |       8 |      38 |  82.6
      Elf:1 |   24402 |   14972 |  38.0 |      40 |      21 |  34.4
      Elf:2 |    9569 |   16591 |  63.4 |      13 |      15 |  53.6
      Elf:3 |   14328 |   32131 |  69.2 |      24 |      23 |  48.9
   Vaults:1 |    9586 |   23957 |  71.4 |      23 |      36 |  61.0
   Vaults:2 |    3047 |   19028 |  86.2 |      12 |      29 |  70.7
   Vaults:3 |   79279 |   29168 |  26.9 |     102 |      30 |  22.7
   Vaults:4 |   50699 |   28862 |  36.3 |      69 |      39 |  36.1
   Depths:1 |   30783 |   18226 |  37.2 |      44 |      17 |  27.9
   Depths:2 |    6886 |       0 |   0.0 |       8 |       0 |   0.0
      IceCv |       0 |    3295 | 100.0 |       0 |      11 | 100.0
     WizLab |       0 |   18330 | 100.0 |       0 |      39 | 100.0
 Desolation |       0 |   45977 | 100.0 |       0 |      84 | 100.0
   Gauntlet |       0 |    4855 | 100.0 |       0 |      15 | 100.0
            +---------+---------+-------+---------+---------+-------
